[Event "*** SCC Grand Prix: Titled Tuesday Blitz"]
[Site "Chess.com"]
[Date "2020.07.14"]
[Round "9"]
[White "jsl796"]
[Black "Volodar_Murzin"]
[Result "0-1"]
[WhiteElo "2841"]
[BlackElo "2724"]
[TimeControl "180+1"]
[EndTime "11:46:38 PDT"]
[Termination "Volodar_Murzin won by resignation"]

1. d4 Nf6 2. c4 g6 3. Nc3 Bg7 4. e4 O-O 5. h3 d6 6. Be3 e5 7. d5 a5 8. g4 Na6 9. Nge2 Nc5 10. Ng3 c6 11. Be2 cxd5 12. cxd5 a4 13. g5 Ne8 14. h4 Bd7 15. h5 b5 16. Qd2 Qa5 17. f3 Nc7 18.
hxg6 fxg6 19. Kf2 Rf7 20. Kg2 Bf8 21. Rac1 b4 22. Nd1 b3 23. a3 Qxd2 24. Bxd2 Nb5 25. Be3 Nd4 26. Bxd4 exd4 27. Nf2 d3 28. Bxd3 Bg7 29.
Rb1 Nxd3 30. Nxd3 Bb5 31. Rhd1 Rc8 32. Ne1 Rc2+ 33. Kg1 Rxb2 34. Rbc1 Be5 35. Rc8+ Kg7 36. Nf1 Re2 37. Nd3 Bxd3 38. Rxd3 b2 39. Rd1 Rxf3 40. Rb8 Rxe4 41. Kg2 Rb3 42. Rxb3 axb3 43. Kf3 Ra4 44. Nd2 Rxa3 45. Ke4 Ra4+ 46. Kf3 Rd4 47. Ke2 Bf4 48.
Nb1 Rxd1 49. Kxd1 Bxg5 50. Ke2 h5 51. Kf3 Kf6 52. Nc3 Ke5 0-1

[Event "*** SCC Grand Prix: Titled Tuesday Blitz"]
[Site "Chess.com"]
[Date "2020.07.14"]
[Round "9"]
[White "XiaoKangZhong"]
[Black "DinaBelenkaya"]
[Result "0-1"]
[WhiteElo "2417"]
[BlackElo "2277"]
[TimeControl "180+1"]
[EndTime "11:46:38 PDT"]
[Termination "DinaBelenkaya won by checkmate"]

1. e4 d5 2. exd5 Qxd5 3. Nc3 Qa5 4. d4 c6 5. Be3 Nf6 6. Bc4 Bf5 7. Ne2 e6 8. O-O Nbd7 9. a3 Qc7 10. b4 Bd6 11. h3 O-O 12. Bd3 Nb6 13. Qd2 Rad8 14.
Rfb1 Bxd3 15. Qxd3 e5 16. Ne4 Nxe4 17. Qxe4 f5 18.
Qh4 f4 19. Bc1 f3 20. gxf3 Rxf3 21. Be3 Nc4 22. dxe5 Bxe5 23. Qxc4+ Kh8 24. Qg4 Rdf8 25. Ra2 Qf7 26. Qg2 Qxa2 27. Rd1 Qxc2 28. Rd2 Qb1+ 29. Qf1 Qf5 30. Qg2 Rxh3 31. Ng3 Qg4 32. Rd4 Bxd4 33.
Bd2 Bxf2+ 34. Kf1 Bxg3+ 35. Kg1 Bf2+ 36. Kf1 Qd1+ 37. Be1 Qxe1# 0-1

[Event "*** SCC Grand Prix: Titled Tuesday Blitz"]
[Site "Chess.com"]
[Date "2020.07.14"]
[Round "9"]
[White "NikolaGry"]
[Black "ural58"]
[Result "0-1"]
[WhiteElo "2634"]
[BlackElo "2513"]
[TimeControl "180+1"]
[EndTime "11:46:39 PDT"]
[Termination "ural58 won by resignation"]

1. d4 d5 2. Bg5 Nc6 3. e3 f6 4. Bh4 Nh6 5. c4 Nf5 6. Bg3 e5 7. cxd5 Qxd5 8. Nc3 Bb4 9. a3 Bxc3+ 10. bxc3 Qa5 11.
Ne2 Be6 12. Qd2 O-O-O 13. f3 exd4 14. exd4 Rhe8 15. Kf2 Nfxd4 16. Nxd4 Nxd4 17. Qf4 Qxc3 18. Rc1 Nc2 19. Be2 Rd2 20. Rhd1 Red8 21. Qe4 Qc5+ 22.
Kf1 Rxd1+ 23. Rxd1 Ne3+ 24. Ke1 Qc3+ 25. Kf2 Nxd1+ 26.
Bxd1 Qd4+ 27. Qxd4 Rxd4 28. Bc2 Rd2+ 0-1

[Event "*** SCC Grand Prix: Titled Tuesday Blitz"]
[Site "Chess.com"]
[Date "2020.07.14"]
[Round "9"]
[White "Irishchessman16"]
[Black "volcanoexplorer"]
[Result "1-0"]
[WhiteElo "2423"]
[BlackElo "2571"]
[TimeControl "180+1"]
[EndTime "11:46:39 PDT"]
[Termination "Irishchessman16 won by resignation"]

1. e4 c6 2. d4 d5 3. e5 Bf5 4.
h4 h5 5. c4 e6 6. Nc3 Ne7 7.
Nge2 Nd7 8. Ng3 Bg6 9. Bg5 Qb6 10.
Rc1 Qxb2 11. Bd3 Bxd3 12. Qxd3 dxc4 13. Qxc4 Nb6 14. Qd3 Ned5 15. O-O Qa3 16. Rfd1 Nxc3 17. Rxc3 Qxa2 18. Rb3 Qa6 19. Qxa6 bxa6 20. Ra1 Be7 21. Bxe7 Kxe7 22. Rxa6 Rhd8 23. Rba3 Nc8 24. R3a4 c5 25. dxc5 Rd5 26. f4 Rxc5 27. Nxh5 g6 28. Nf6 Kd8 29.
Rd4+ Ke7 30. Rd7+ Kf8 31. Rd8+ Kg7 32. Rg8+ Kh6 33. g4 Rc1+ 34. Kf2 Rc2+ 35. Ke3 Rc3+ 36.
Kd4 Rc4+ 37. Kd3 1-0

[Event "*** SCC Grand Prix: Titled Tuesday Blitz"]
[Site "Chess.com"]
[Date "2020.07.14"]
[Round "9"]
[White "White_Ghost"]
[Black "ValentinDragnev"]
[Result "1-0"]
[WhiteElo "2510"]
[BlackElo "2680"]
[TimeControl "180+1"]
[EndTime "11:46:41 PDT"]
[Termination "White_Ghost won by checkmate"]

1. d4 Nf6 2. c4 c5 3. d5 e6 4. Nc3 exd5 5. cxd5 d6 6. Nf3 g6 7. Bf4 a6 8. a4 Bg7 9. e3 O-O 10. Be2 Qe7 11. O-O Nbd7 12. h3 Ne8 13. Qd2 Rb8 14.
a5 Ne5 15. Na4 Nxf3+ 16. Bxf3 Bf5 17. Nb6 Nf6 18. Nc4 Rfd8 19. Bg5 h6 20. Bh4 g5 21.
Bg3 Be4 22. Qe2 Bxd5 23. Bxd5 Nxd5 24. Rad1 Qe6 25. Qf3 Nb4 26. Nxd6 Nc6 27. Nf5 Ne5 28. Qe4 Bh8 29. f4 Nc4 30. Ne7+ Kg7 31. Qxe6 fxe6 32.
fxg5 Nxe3 33. Be5+ Kh7 34. g6# 1-0

[Event "*** SCC Grand Prix: Titled Tuesday Blitz"]
[Site "Chess.com"]
[Date "2020.07.14"]
[Round "9"]
[White "JozefKneht"]
[Black "Bodnar_Mykola"]
[Result "1-0"]
[WhiteElo "2350"]
[BlackElo "2470"]
[TimeControl "180+1"]
[EndTime "11:46:41 PDT"]
[Termination "JozefKneht won by checkmate"]

1. Nf3 Nf6 2. d4 b6 3. Bf4 e6 4. e3 Bb7 5. Be2 c5 6. O-O Nc6 7. h3 d5 8. Nbd2 Bd6 9. Bxd6 Qxd6 10. Bb5 O-O 11. Bxc6 Bxc6 12. Ne5 Nd7 13. Nxd7 Bxd7 14. Nf3 f6 15. Re1 e5 16. e4 exd4 17. exd5 Qxd5 18. c3 d3 19. b3 b5 20. Re3 c4 21. Nd4 Rae8 22.
Qd2 Rxe3 23. Qxe3 Re8 24. Qf4 Bc6 25. f3 Bb7 26. b4 a5 27. a3 axb4 28. axb4 Qe5 29.
Qxe5 Rxe5 30. Kf2 g5 31. Ra5 h5 32. Ra7 h4 33. Ra2 Kf7 34. Ra7 Kg6 35. Ra2 f5 36. Ra7 Kh5 37. Ra2 g4 38. hxg4+ fxg4 39. fxg4+ Kxg4 40. Ra7 Bxg2 41. Rg7+ Rg5 42. Rxg5+ Kxg5 43.
Kxg2 d2 44. Nf3+ Kf4 45. Nxd2 Ke3 46. Nxc4+ bxc4 47. b5 Kd3 48. b6 Kxc3 49. b7 Kd2 50.
b8=Q c3 51. Qd6+ Kc2 52. Kf2 Kb2 53. Qb4+ Kc2 54. Ke2 h3 55. Qh4 Kb2 56. Qd4 h2 57. Qb4+ Ka2 58. Qh4 c2 59. Kd2 Kb2 60. Qb4+ Ka1 61.
Kxc2 h1=Q 62. Qb2# 1-0

[Event "*** SCC Grand Prix: Titled Tuesday Blitz"]
[Site "Chess.com"]
[Date "2020.07.14"]
[Round "9"]
[White "AniJak"]
[Black "crazychessbr"]
[Result "0-1"]
[WhiteElo "2307"]
[BlackElo "2100"]
[TimeControl "180+1"]
[EndTime "11:46:42 PDT"]
[Termination "crazychessbr won by resignation"]

1. e4 e6 2. d4 d5 3. Nd2 Nc6 4. Ngf3 Nf6 5. e5 Nd7 6. Bb5 a6 7. Bxc6 bxc6 8. Nb3 f6 9. O-O fxe5 10. dxe5 Be7 11.
Na5 Nb8 12. c4 O-O 13. Be3 c5 14. Qd2 d4 15. Bg5 Bxg5 16. Nxg5 h6 17. Ne4 Qe7 18. Nb3 Nd7 19. Qa5 Bb7 20. Nexc5 Nxc5 21. Nxc5 Bc6 22. f3 Qg5 23. Nxe6 Qe3+ 24. Kh1 Rxf3 25. gxf3 Bxf3+ 26. Rxf3 Qxf3+ 27. Kg1 Qg4+ 28. Kf2 Qxe6 29. Qd5 Qxd5 30. cxd5 Rd8 31. Kf3 Rxd5 32. Ke4 Rd8 33. Rc1 d3 34.
Rd1 d2 35. Ke3 Kf7 36. Rxd2 Rxd2 37. Kxd2 Ke6 38. Kd3 Kxe5 39. Kc4 Kd6 40. b4 Kc6 41. a4 g5 42. Kd4 h5 43. Ke4 g4 44. Kf4 Kd5 45.
Kg5 Kc4 46. Kxh5 Kxb4 47. Kxg4 c5 48. h4 c4 49. Kf3 c3 50. Ke2 Kb3 51. h5 c2 52. h6 c1=Q 0-1

[Event "*** SCC Grand Prix: Titled Tuesday Blitz"]
[Site "Chess.com"]
[Date "2020.07.14"]
[Round "9"]
[White "harlem4brew"]
[Black "Jabberwockiez"]
[Result "0-1"]
[WhiteElo "2108"]
[BlackElo "2292"]
[TimeControl "180+1"]
[EndTime "11:46:42 PDT"]
[Termination "Jabberwockiez won by resignation"]

1. d4 Nf6 2. Nf3 e6 3. c4 c5 4. Nc3 cxd4 5. Nxd4 Nc6 6. Nxc6 bxc6 7. Bg5 Bb4 8. Rc1 O-O 9. e3 d5 10. a3 Bxc3+ 11.
Rxc3 h6 12. Bxf6 Qxf6 13. cxd5 cxd5 14. Qd4 Qg6 15. g3 Qb1+ 16. Qd1 Qxb2 17. Qd2 Qa1+ 18. Rc1 Qxa3 19. Bd3 Bd7 20. O-O Rfc8 21. Ra1 Qd6 22.
Rfb1 e5 23. Be4 Be6 24. Rd1 Rc5 25. Qd3 Qb6 26. Bg2 Rac8 27. Rab1 Qc7 28. h4 a5 29. Qe2 a4 30. Ra1 Qa5 31. Qb2 e4 32. Kh2 Rc3 33. Qb7 a3 34. Qe7 a2 35. Rd2 Rc2 0-1

[Event "*** SCC Grand Prix: Titled Tuesday Blitz"]
[Site "Chess.com"]
[Date "2020.07.14"]
[Round "9"]
[White "WinstonSilvakov"]
[Black "MariaFominykh"]
[Result "1-0"]
[WhiteElo "2110"]
[BlackElo "2246"]
[TimeControl "180+1"]
[EndTime "11:46:42 PDT"]
[Termination "WinstonSilvakov won on time"]

1. d4 d6 2. e4 g6 3. Nc3 Bg7 4. Bg5 a6 5. Bc4 b5 6. Bb3 Nd7 7. Qf3 f6 8. e5 Nb6 9. Bh4 dxe5 10. dxe5 Qd4 11. exf6 Nxf6 12. Bg3 Bg4 13. Qc6+ Bd7 14.
Qb7 Rc8 15. Nge2 Qb4 16. Qxa6 Nc4 17. O-O-O O-O 18. Rxd7 Nxd7 19. Qe6+ Kh8 20. Qxd7 Nxb2 21. Kxb2 Qc5 22. Qd5 Qa7 23. Qxb5 Rb8 24. Qd3 c5 25. Bxb8 Qxb8 26. Qc4 Rc8 27. Rg1 Qe5 28. Rd1 Qxh2 29. Nf4 1-0

[Event "*** SCC Grand Prix: Titled Tuesday Blitz"]
[Site "Chess.com"]
[Date "2020.07.14"]
[Round "9"]
[White "MasterKroket"]
[Black "Roza_Idrisova"]
[Result "0-1"]
[WhiteElo "2379"]
[BlackElo "2255"]
[TimeControl "180+1"]
[EndTime "11:46:43 PDT"]
[Termination "Roza_Idrisova won on time"]

1. d4 d5 2. c4 c6 3. Nf3 Nf6 4. Nc3 a6 5. c5 Nbd7 6. Bf4 Nh5 7.
Bd2 Nhf6 8. b4 Qc7 9. g3 e5 10. dxe5 Nxe5 11. Bg2 Be7 12. Bf4 Nxf3+ 13. Bxf3 Qd8 14.
O-O O-O 15. Na4 Bf5 16. Nb6 Ra7 17. Re1 h6 18. Qd2 Be4 19. Bxe4 Nxe4 20. Qd3 Nf6 21. a4 Nd7 22. a5 Re8 23. Rad1 Bf6 24. e4 g5 25. Bd6 dxe4 26. Rxe4 Nxb6 27. axb6 Ra8 28. f4 Qd7 29. fxg5 hxg5 30. Rf1 Bg7 31. Rfe1 Rxe4 32. Rxe4 Re8 33. Qe2 Rxe4 34. Qxe4 Qe6 35. Qb1 Bd4+ 36. Kf1 Qf6+ 37. Ke2 Qf2+ 38. Kd3 Qe3+ 39. Kc2 Qc3+ 40. Kd1 Qf3+ 41. Kc2 Qe4+ 42. Kd1 Qxb1+ 0-1

[Event "*** SCC Grand Prix: Titled Tuesday Blitz"]
[Site "Chess.com"]
[Date "2020.07.14"]
[Round "9"]
[White "Alopekos"]
[Black "Shuvalov"]
[Result "0-1"]
[WhiteElo "2345"]
[BlackElo "2493"]
[TimeControl "180+1"]
[EndTime "11:46:44 PDT"]
[Termination "Shuvalov won by checkmate"]

1. e4 e6 2. d4 d5 3. Nc3 Bb4 4. e5 c5 5. a3 Bxc3+ 6. bxc3 Ne7 7. Qg4 cxd4 8. Qxg7 Rg8 9. Qxh7 Qc7 10. Ne2 Nbc6 11. f4 Bd7 12. Qd3 dxc3 13. Rg1 O-O-O 14. g4 d4 15. h4 Ng6 16. Qg3 f5 17. exf6 e5 18.
f5 Nf8 19. Qf3 Be8 20. Qe4 Nd7 21. g5 Nc5 22. Qg4 d3 23. Nxc3 Nd4 24. Kf2 Nxc2 25.
Rb1 d2 26. Bg2 Nd3+ 27. Kg3 e4+ 28. Kh3 Nf2# 0-1

[Event "*** SCC Grand Prix: Titled Tuesday Blitz"]
[Site "Chess.com"]
[Date "2020.07.14"]
[Round "9"]
[White "1f3_2g41-0"]
[Black "Fortitudine"]
[Result "0-1"]
[WhiteElo "2392"]
[BlackElo "2303"]
[TimeControl "180+1"]
[EndTime "11:46:44 PDT"]
[Termination "Fortitudine won by checkmate"]

1. e4 c5 2. Nf3 d6 3. d4 cxd4 4. Nxd4 Nf6 5. Nc3 Nc6 6. Bg5 Bd7 7. Qd2 Rc8 8. O-O-O Nxd4 9. Qxd4 Qa5 10. Kb1 Qxg5 11. g3 Qc5 12. Qd2 a6 13. f4 Bg4 14. Re1 Bf3 15. Rg1 e6 16. e5 Nd5 17. Na4 Qb4 18.
Qf2 Qxa4 19. Bd3 Bg4 20. h3 Bxh3 21. Rh1 Bg4 22. f5 dxe5 23. Rh4 Bb4 24. Re4 Bxf5 25. Rxb4 Nxb4 26. Bxf5 exf5 27. a3 Qxc2+ 28. Qxc2 Nxc2 29. Rh5 g6 30. Rh1 Nd4 31. Re1 f6 32. g4 f4 33. b4 Ke7 34. Kb2 Ke6 35. Rd1 Rc2+ 36. Kb1 Rhc8 37. Rd3 R2c3 38. Rd1 Rxa3 39. Kb2 Rb3+ 40.
Ka2 Rc2+ 41. Ka1 Rcb2 42. Rh1 Nc2# 0-1

[Event "*** SCC Grand Prix: Titled Tuesday Blitz"]
[Site "Chess.com"]
[Date "2020.07.14"]
[Round "9"]
[White "mjray79"]
[Black "Ashedu66"]
[Result "1-0"]
[WhiteElo "2346"]
[BlackElo "2189"]
[TimeControl "180+1"]
[EndTime "11:46:47 PDT"]
[Termination "mjray79 won on time"]

1. d4 d5 2. c4 c6 3. Nf3 Nf6 4. Nc3 e6 5. e3 Nbd7 6. b3 Bb4 7. Bb2 Ne4 8. Qc2 Qa5 9. Rc1 Qxa2 10. Bd3 Bxc3+ 11. Bxc3 Qxc2 12. Rxc2 Nxc3 13. Rxc3 b6 14. cxd5 cxd5 15. Bb5 O-O 16. O-O a6 17. Bc6 Rb8 18. b4 Nf6 19. Ne5 Ne4 20. Rc2 Nd6 21. Ra1 b5 22.
Bd7 Nc4 23. Bxc8 Rbxc8 24. Nd7 Rfd8 25. Nc5 Ra8 26. Rca2 g6 27. Kf1 Kg7 28. Rxa6 Rxa6 29. Rxa6 Rb8 30. Ra7 Kg8 31. Ke2 Nd6 32. Kd3 Ne4 33.
Nxe4 dxe4+ 34. Kxe4 Rc8 35. Rb7 Rc2 36. Kf3 Kg7 37.
Rxb5 Rb2 38. Rb7 Kf6 39. Kg3 h5 40. h4 Rb3 41. f3 Rxe3 42. Kf4 Rb3 43. g4 Rb2 44. b5 1-0

[Event "*** SCC Grand Prix: Titled Tuesday Blitz"]
[Site "Chess.com"]
[Date "2020.07.14"]
[Round "9"]
[White "stolencandy13"]
[Black "WiktoriaPOL"]
[Result "1-0"]
[WhiteElo "2402"]
[BlackElo "1921"]
[TimeControl "180+1"]
[EndTime "11:46:47 PDT"]
[Termination "stolencandy13 won on time"]

1. e4 c5 2. Nf3 g6 3. d4 cxd4 4. Nxd4 Nc6 5. Be3 Nf6 6. Nc3 Bg7 7. Bc4 Qa5 8. Nb3 Qb4 9. Qe2 Nxe4 10. O-O Nxc3 11.
bxc3 Qxc3 12. Rad1 O-O 13. Nc5 d6 14. Ne4 Qe5 15. Ng5 h6 16. Nf3 Qc3 17. Bb3 Bg4 18.
h3 Bxf3 19. Qxf3 Qf6 20. Qg3 Rac8 21. h4 Nb4 22. h5 Qe5 23. hxg6 Qxg3 24. gxf7+ Kh8 25.
fxg3 Nxc2 26. Bxa7 Nb4 27. Rfe1 Bf6 28. Be3 Kg7 29.
Be6 Rc2 30. Rd4 Bxd4 31. Bxd4+ Kg6 32. Re4 Rc1+ 33. Kh2 h5 34. g4 h4 35. Bf5+ Kh6 36.
Be3+ Kg7 37. Bxc1 Rxf7 38. Bb2+ Kf8 39. Bg6 Rf2 40. Rxb4 1-0

[Event "*** SCC Grand Prix: Titled Tuesday Blitz"]
[Site "Chess.com"]
[Date "2020.07.14"]
[Round "9"]
[White "boasovietica"]
[Black "BakaPG"]
[Result "0-1"]
[WhiteElo "2471"]
[BlackElo "2631"]
[TimeControl "180+1"]
[EndTime "11:46:48 PDT"]
[Termination "BakaPG won on time"]

1. e4 e6 2. d4 d5 3. Nd2 a6 4. Ngf3 Nf6 5. exd5 exd5 6. Bd3 c5 7. c3 c4 8. Bc2 Bd6 9. O-O O-O 10. Re1 Bg4 11.
Nf1 Nbd7 12. Ng3 Re8 13. h3 Rxe1+ 14. Qxe1 Bxf3 15. gxf3 g6 16. Bg5 Qc7 17. Kg2 Re8 18.
Qd2 Bxg3 19. fxg3 Nh5 20. Bh4 Nf8 21. Re1 Ne6 22. f4 Qd7 23. f5 Neg7 24. fxg6 hxg6 25. Rxe8+ Nxe8 26. Qe3 Nhg7 27. Qe7 Qb5 28. b3 cxb3 29. axb3 Nc7 30. Qe3 Nce6 31. Qd3 Qc6 32. Bf6 Nf5 33. Be5 Ng5 34. g4 Nh4+ 35. Kg3 Nhf3 36. Qe3 Nxe5 37. Qxe5 Qxc3+ 38. Kf4 Qd2+ 39. Qe3 Nxh3+ 0-1

[Event "*** SCC Grand Prix: Titled Tuesday Blitz"]
[Site "Chess.com"]
[Date "2020.07.14"]
[Round "9"]
[White "isainz"]
[Black "Klaus1995"]
[Result "0-1"]
[WhiteElo "2129"]
[BlackElo "1905"]
[TimeControl "180+1"]
[EndTime "11:46:48 PDT"]
[Termination "Klaus1995 won on time"]

1. e4 c5 2. Nf3 d6 3. d4 cxd4 4. Qxd4 Nf6 5. c4 Nc6 6. Qe3 e6 7. Nc3 Be7 8. h3 a6 9. Be2 Qc7 10. O-O Bd7 11. b3 O-O 12. Bb2 Rac8 13. Rfd1 Rfe8 14.
Rd2 Ne5 15. Nxe5 dxe5 16. Rad1 Bc5 17. Qg3 Bc6 18. Bf3 Bd4 19. Ne2 Bxb2 20. Rxb2 Bxe4 21. Bxe4 Nxe4 22. Qe3 Nf6 23. Rbd2 h6 24. Nc3 Qa5 25.
a4 b5 26. axb5 Qb4 27. Na4 axb5 28. Nb6 Rb8 29. Nd7 Nxd7 30. Rxd7 bxc4 31. bxc4 Qxc4 32.
Qxe5 Qb5 33. Qf4 Rf8 34. Qg3 Ra8 35. Re7 Rad8 36. Rc1 Qf5 37. Rcc7 Rd1+ 38. Kh2 Qb1 0-1

[Event "*** SCC Grand Prix: Titled Tuesday Blitz"]
[Site "Chess.com"]
[Date "2020.07.14"]
[Round "9"]
[White "kassablanca"]
[Black "ikhasu"]
[Result "0-1"]
[WhiteElo "2594"]
[BlackElo "2429"]
[TimeControl "180+1"]
[EndTime "11:46:49 PDT"]
[Termination "ikhasu won by resignation"]

1. e4 c5 2. Nf3 Nc6 3. d4 cxd4 4. Nxd4 g6 5. c4 Nf6 6. Nc3 d6 7. Be2 Nxd4 8. Qxd4 Bg7 9. Bg5 O-O 10. Qd2 a5 11.
O-O a4 12. Rac1 Qa5 13. f3 Be6 14. Nd5 Qxd2 15. Nxe7+ Kh8 16. Bxd2 Rfe8 17. Nd5 Nxd5 18. cxd5 Bxd5 19. Bb5 Re5 20. Bc3 Bxa2 21. Bxe5 Bxe5 22. Rc2 Bb3 23. Re2 Ra5 24. Bd3 b5 25. Rc1 b4 26.
Bb1 Kg7 27. g3 a3 28. bxa3 bxa3 29. Ba2 Bxa2 30. Rxa2 Bb2 31. Rc2 Rb5 32. Kf2 Rb3 33. Ke2 Kf6 34. Rd2 Ke6 35. Rd5 Bc3 36. Kd3 Bb2+ 37.
Kc2 Rxf3 38. Rd2 Re3 39. Rf2 Rxe4 40. Rd2 f5 41. Kb3 Re3+ 42. Kc2 Ke5 43. Rf2 d5 44. Rd2 d4 45. Kd1 Ke4 0-1

[Event "*** SCC Grand Prix: Titled Tuesday Blitz"]
[Site "Chess.com"]
[Date "2020.07.14"]
[Round "9"]
[White "ChelsieMonica"]
[Black "c_r_e_e_p_e_r"]
[Result "0-1"]
[WhiteElo "2402"]
[BlackElo "2311"]
[TimeControl "180+1"]
[EndTime "11:46:49 PDT"]
[Termination "c_r_e_e_p_e_r won by checkmate"]

1. c4 e5 2. Nc3 Nf6 3. g3 Bc5 4. Bg2 Nc6 5. Nf3 d6 6. O-O O-O 7. e3 a6 8. d4 exd4 9. exd4 Ba7 10. h3 h6 11. Re1 Bf5 12. a3 Qd7 13. g4 Bh7 14. b4 Rfe8 15. Be3 Ne4 16. Rc1 Nxc3 17. Rxc3 Be4 18. d5 Bxf3 19. Bxf3 Ne5 20. Bg2 Bxe3 21. Rexe3 Ng6 22. Qd4 Rxe3 23. Rxe3 Re8 24. f4 Qa4 25. f5 Rxe3 26. Qxe3 Qd1+ 27. Kh2 Ne5 28. f6 g5 29.
c5 Qa1 30. cxd6 cxd6 31. Qb6 Qb2 32. Qd8+ Kh7 33. Qf8 Nf3+ 34. Kg3 Qe5+ 35. Kxf3 Qxf6+ 36. Kg3 Qf4# 0-1

[Event "*** SCC Grand Prix: Titled Tuesday Blitz"]
[Site "Chess.com"]
[Date "2020.07.14"]
[Round "9"]
[White "Duong57"]
[Black "sergivila"]
[Result "0-1"]
[WhiteElo "2252"]
[BlackElo "2369"]
[TimeControl "180+1"]
[EndTime "11:46:50 PDT"]
[Termination "sergivila won by resignation"]

1. d4 Nf6 2. c4 c5 3. d5 b5 4.
Qc2 b4 5. a3 d6 6. e4 a5 7. Nf3 Nbd7 8. h3 g6 9. Be2 Bg7 10. O-O O-O 11. Be3 Qc7 12. Nbd2 e5 13. axb4 cxb4 14. Nb3 a4 15. Nbd2 b3 16. Qc3 Bb7 17.
Qb4 Nc5 18. Bxc5 dxc5 19. Qb5 Ra5 20. d6 Rxb5 21. dxc7 Rb4 22. Nxe5 Nxe4 23. Nxe4 Bxe4 24. Nd7 Rc8 25. Nxc5 Bc6 26. Nd3 Rb7 27. Bf3 Bxf3 28. gxf3 Ra7 29. Ra3 Bf8 30. c5 Rcxc7 31. Rfa1 Bxc5 32.
Rxa4 Rab7 33. Rc4 Bd6 34. Rac1 Rd7 35. Kf1 Kg7 36. Ke2 Be7 37. f4 Bf6 38. Kf3 Rxd3+ 39.
Ke4 Rd2 0-1

[Event "*** SCC Grand Prix: Titled Tuesday Blitz"]
[Site "Chess.com"]
[Date "2020.07.14"]
[Round "9"]
[White "sasko1234"]
[Black "Miss_JJ20"]
[Result "0-1"]
[WhiteElo "2388"]
[BlackElo "2296"]
[TimeControl "180+1"]
[EndTime "11:46:52 PDT"]
[Termination "Miss_JJ20 won by resignation"]

1. b3 Nf6 2. Bb2 e6 3. e3 d5 4. f4 c5 5. Nf3 Nc6 6. Bb5 Bd6 7. Bxc6+ bxc6 8. O-O O-O 9. Ne5 Qc7 10. d3 Nd7 11. Nxd7 Bxd7 12. Nd2 e5 13. f5 f6 14. e4 c4 15. dxc4 Bb4 16. c3 Bc5+ 17. Kh1 d4 18. b4 dxc3 19. Bxc3 Be7 20. c5 Rad8 21. Qe2 Be8 22.
Nc4 Bf7 23. Na5 Rd7 24. Qa6 Rc8 25. Rad1 Rxd1 26. Rxd1 Rd8 27. Rxd8+ Qxd8 28. Qe2 Qd7 29. a3 g6 30. g4 h5 31. h3 hxg4 32. hxg4 gxf5 33.
gxf5 Bf8 34. Kg2 Bh6 35. Kf3 Bh5+ 0-1

[Event "*** SCC Grand Prix: Titled Tuesday Blitz"]
[Site "Chess.com"]
[Date "2020.07.14"]
[Round "9"]
[White "rududuyk"]
[Black "Matols"]
[Result "0-1"]
[WhiteElo "2070"]
[BlackElo "2203"]
[TimeControl "180+1"]
[EndTime "11:46:52 PDT"]
[Termination "Matols won on time"]

1. e4 e6 2. d4 d5 3. Nd2 c5 4. exd5 Qxd5 5. Bb5+ Bd7 6. Bxd7+ Nxd7 7. Ndf3 cxd4 8. Qxd4 Ngf6 9. Ne2 Bc5 10. Qxd5 Nxd5 11. c3 O-O 12. O-O Rfd8 13. Bg5 f6 14. Bh4 e5 15. Rfd1 N7b6 16. b3 g5 17. Bg3 h5 18.
h3 Kf7 19. a3 Nf4 20. Bxf4 gxf4 21. b4 Be7 22. Nd2 Rac8 23. Rac1 Nc4 24. Nxc4 Rxc4 25.
f3 a5 26. Rxd8 Bxd8 27. Rd1 Bb6+ 28. Kf1 Ke6 29. Ke1 Be3 30. Rd8 axb4 31. axb4 Rc7 32.
Re8+ Kf7 33. Rh8 Kg6 34. Rg8+ Kf5 35. Rh8 Kg6 36. Rg8+ Kh7 37. Rd8 Rg7 38. Kf1 Kg6 39. Rh8 b6 40. Rd8 Ra7 0-1

[Event "*** SCC Grand Prix: Titled Tuesday Blitz"]
[Site "Chess.com"]
[Date "2020.07.14"]
[Round "9"]
[White "Alexandercs432"]
[Black "MisiekZielony"]
[Result "1-0"]
[WhiteElo "2100"]
[BlackElo "2198"]
[TimeControl "180+1"]
[EndTime "11:46:53 PDT"]
[Termination "Alexandercs432 won on time"]

1. e4 Nf6 2. e5 Nd5 3. d4 d6 4.
Nf3 Bg4 5. Be2 e6 6. O-O Be7 7. c4 Nb6 8. Nc3 O-O 9. Be3 a6 10. exd6 cxd6 11. Rc1 Bxf3 12. gxf3 d5 13. c5 Nc8 14. Kh1 Nc6 15. f4 Bf6 16. Bf3 N8e7 17. Rg1 Nf5 18. Ne2 b6 19. a3 bxc5 20. Rxc5 Qb6 21. b4 Nd6 22. Qc2 Nc4 23. Rc1 Rfd8 24. Qc3 Rac8 25. Bg2 Be7 26. Rg1 g6 27. Rxc4 dxc4 28.
d5 Qb5 29. dxc6 Rd3 30. Qe5 Rxa3 31. Rb1 c3 32. Qxb5 axb5 33. Nd4 c2 34. Rc1 Rc3 35. Nxb5 1-0

[Event "*** SCC Grand Prix: Titled Tuesday Blitz"]
[Site "Chess.com"]
[Date "2020.07.14"]
[Round "9"]
[White "Euge_chess"]
[Black "winniethepooh04"]
[Result "0-1"]
[WhiteElo "2005"]
[BlackElo "2162"]
[TimeControl "180+1"]
[EndTime "11:46:53 PDT"]
[Termination "winniethepooh04 won by checkmate"]

1. e4 c5 2. c3 d6 3. d4 Nf6 4. Bd3 g6 5. Nf3 Bg7 6. O-O O-O 7. Re1 Bg4 8. h3 Bxf3 9. Qxf3 Nfd7 10. d5 Ne5 11.
Qd1 Nxd3 12. Qxd3 Nd7 13. f4 Qc7 14. Nd2 a6 15. a4 Rac8 16. c4 b5 17. axb5 axb5 18. cxb5 c4 19. Qc2 Qc5+ 20. Kh2 Qxb5 21. Re3 Nc5 22. Qxc4 Qb6 23. Rea3 Ne6 24. Qf1 Nxf4 25.
Qxf4 Be5 26. Nf3 Bxf4+ 27. Bxf4 Qxb2 28. R1a2 Qf6 29. Bg5 Qg7 30. Bxe7 Rfe8 31. Ra7 Rxe7 32. Rxe7 Qf6 33. Raa7 Qf4+ 34. Kg1 Rc1+ 35. Kf2 Rc2+ 36. Kg1 Qe3+ 37. Kh1 Qf2 38. Nh4 Qf1+ 39. Kh2 Qf4+ 40. Kg1 Rc1# 0-1

[Event "*** SCC Grand Prix: Titled Tuesday Blitz"]
[Site "Chess.com"]
[Date "2020.07.14"]
[Round "9"]
[White "jacky72"]
[Black "vova-79"]
[Result "0-1"]
[WhiteElo "2626"]
[BlackElo "2490"]
[TimeControl "180+1"]
[EndTime "11:46:54 PDT"]
[Termination "vova-79 won by resignation"]

1. e4 e6 2. Qe2 c5 3. g3 Nc6 4. c3 g6 5. Bg2 Bg7 6. f4 Nge7 7. Nf3 O-O 8. O-O Rb8 9. a4 a6 10. d3 b5 11. axb5 axb5 12. Be3 d6 13. Nbd2 b4 14. d4 bxc3 15. bxc3 cxd4 16. cxd4 d5 17. e5 Rb2 18.
Rfb1 Qb6 19. Rxb2 Qxb2 20. Rb1 Qa2 21. Qd3 Ba6 22. Qb3 Qxb3 23. Rxb3 Rb8 24. Bf1 Bxf1 25. Rxb8+ Nxb8 26. Nxf1 Nbc6 27. Bd2 Nf5 28. Bc3 Bf8 29. g4 Ng7 30. Ne3 h5 31. h3 hxg4 32. hxg4 Be7 33. Kf2 Ne8 34. Ke2 Nc7 35. Kd3 Nb5 36. Nd2 Kf8 37. Nb3 Ke8 38. Be1 Kd7 39. Nc2 Ke8 40. Bd2 Kd7 41. Be3 Ke8 42. Bf2 Kd7 43. Bg3 Na3 44. Nxa3 Bxa3 45. Be1 Be7 46. Ke3 Bf8 47. Kf3 Be7 48. Kg3 Kc7 49. Kf3 Kb6 50. Ke3 Kb5 51.
Kd3 Ka4 52. Nc1 Kb5 53. Ne2 Kb6 54. Ng1 Kc7 55. Nf3 Kd7 56. Bc3 Kc7 57. Bd2 Kd7 58. Be3 Kc7 59. Bc1 Nb4+ 60. Kc3 Nc6 61. Kb3 Kb6 62. Be3 Kb5 63. Bf2 Na5+ 64. Kc3 Kc6 65. Bh4 Kd7 66. Bxe7 Kxe7 67. Nd2 Kd7 68. Kb4 Nc6+ 69.
Kc5 Ne7 70. Kb6 Nc6 71. Nb3 Nb4 72. Nc5+ Ke7 73. Kc7 Nc2 74. Nb3 Ne3 75. g5 Ng2 76.
Na5 Nxf4 77. Nc6+ Ke8 78. Kd6 Nh3 79. Nb8 Nxg5 80. Na6 Nf3 81. Nc7+ Kd8 82. Nb5 g5 83. Kc5 g4 84. Nd6 Ke7 85. Ne4 dxe4 86. d5 exd5 0-1

[Event "*** SCC Grand Prix: Titled Tuesday Blitz"]
[Site "Chess.com"]
[Date "2020.07.14"]
[Round "9"]
[White "FontVella8"]
[Black "Eternauta2400"]
[Result "1-0"]
[WhiteElo "2541"]
[BlackElo "2671"]
[TimeControl "180+1"]
[EndTime "11:46:56 PDT"]
[Termination "FontVella8 won by checkmate"]

1. b3 e5 2. Bb2 Nc6 3. Nf3 e4 4.
Nd4 Nxd4 5. Bxd4 d5 6. e3 Ne7 7. Be2 Nf5 8. Bb2 Be7 9. O-O O-O 10. c4 c6 11. d3 Bf6 12. Nc3 Qe7 13. dxe4 dxe4 14.
Qc2 Re8 15. Rad1 h6 16. Rd2 Nh4 17. Rfd1 Bf5 18. g3 Ng6 19. Bf1 h5 20. Bg2 h4 21.
Rd6 Be5 22. c5 hxg3 23. hxg3 Qg5 24. Ne2 Bxd6 25. cxd6 Rad8 26. Nf4 Ne5 27. Qc5 b6 28. Qd4 c5 29. Qd5 Nf3+ 30. Kf1 Bg4 31. Bxf3 Qxd5 32. Rxd5 exf3 33. Rg5 f5 34. Rxg7+ Kf8 35. Ng6# 1-0